 Dungeon Crawl Stone Soup version 0.30-a0-365-ge7f957f1db (webtiles) character file.

Game seed: 16913738453285191606

220 Raultor the Changer (level 5, -8/33 HPs)
             Began as an Octopode Transmuter on Nov 16, 2022.
             Splashed by a jelly's acid (11 damage)
             ... in a sewer.
             The game lasted 00:13:32 (2173 turns).

Raultor the Changer (Octopode Transmuter)           Turns: 2173, Time: 00:13:32

Health: -8/33      AC: -3    Str: 12    XL:     5   Next: 97%
Magic:  8/8        EV: 13    Int: 15    God:
Gold:   31         SH:  0    Dex: 12    Spells: 1/8 levels left

rFire   . . .      SeeInvis .      - Unarmed
rCold   . . .      Faith    .    (no shield)
rNeg    . . .      Spirit   .    (helmet currently unavailable)
rPois   .          Reflect  .    (no amulet)
rElec   .          Harm     .    (no ring)
rCorr   .          Rampage  .    (no ring)
Will    .....                    (no ring)
Stlth   ++........               (no ring)
HPRegen 0.25/turn                (no ring)
MPRegen 0.11/turn                (no ring)
                                 (no ring)
                                 (no ring)

@: appendages (expiring), corroded
A: tentacle spike 3, almost no armour, amphibious, 8 rings, camouflage 1,
gelatinous body 1, (nimble swimmer 1), tentacles
a: End Transformation


You were in a sewer.
One of your tentacles had grown a beastly spike.
You visited 1 branch of the dungeon, and saw 3 of its levels.
You also visited: Sewer.

You collected 166 gold pieces.
You spent 135 gold pieces at shops.


Innate Abilities, Weirdness & Mutations

One of your tentacles has grown a beastly spike.
You cannot wear most types of armour.
You are amphibious.
You can wear up to eight rings at the same time.
Your skin changes colour to match your surroundings (Stealth+).
Your rubbery body absorbs attacks. (AC +1, EV +1)
((You are camouflaged when in or above water. (Stealth+)))
You have tentacles for arms and can constrict up to eight enemies at once.


   Skills:
 - Level 1.0 Fighting
 - Level 2.0 Dodging
 - Level 3.9 Unarmed Combat
 - Level 2.0 Spellcasting
 - Level 4.1 Transmutations
 * Level 3.2 Ice Magic


You had one spell level left.
You knew the following spells:

 Your Spells              Type           Power      Damage    Failure   Level
b - Beastly Appendage     Tmut           26%        N/A       4%          1
c - Ice Form              Ice/Tmut       12%        N/A       43%         4
w - Wereblood             Tmut           13%        N/A       6%          2

Your spell library contained the following spells:

 Spells                   Type           Power      Damage    Failure   Level
 Kiss of Death            Conj/Necr      4%         2d5       22%         1
 Spider Form              Tmut/Pois      7%         N/A       28%         3
 Sublimation of Blood     Necr           1%         N/A       32%         2
 Confusing Touch          Hex            1%         N/A       54%         3
 Stone Arrow              Conj/Erth      2%         3d7       54%         3
 Petrify                  Tmut/Erth      7%         N/A       67%         4
 Dispel Undead            Necr           1%         3d6       91%         4
 Irradiate                Conj/Tmut      3%         3d12      95%         5
 Lehudib's Crystal Spear  Conj/Erth      0%         10d2      100%        8
 Animate Armour           Summ/Erth      Unusable   N/A       N/A         4

Inventory:

Magical Staves
 c - a staff of death {!a}
Scrolls
 e - a scroll of identify {@r1}
 j - a scroll of magic mapping {unknown}
 m - a scroll of teleportation {@r2}
Potions
 a - a potion of lignification
 b - a potion of brilliance
 d - 3 potions of haste {unknown}
 g - a potion of might
 h - 2 potions of flight {unknown}
 i - a potion of berserk rage {!q}
 k - a potion of heal wounds {@q2}
 l - a potion of mutation {unknown}

Dungeon Overview and Level Annotations

Branches:
Dungeon (3/15)              Sewer (1/1)

Altars:

Shops:
D:2 ![[?:

~..~~..~▒▒
J▒▒▒......~...~~▒
▒~..~...▒▒ ▒▒
▒.~........~~▒
#▒▒.~.~†.▒▒
▒▒▒▒▒▒▒▒▒▒▒..▒
▒..~~.~~.▒▒ ▒~~▒
▒.~.▒▒▒~.J~▒ ▒†.▒
~..▒ ▒▒.~.▒▒ ▒▒..▒
..▒ ▒▒.~~▒▒▒ ▒▒▒...▒
..
▒..~J~▒▒▒▒▒▒▒▒▒..~.~▒
▒▒.~~@.~......†..~.▒▒
▒▒▒▒...........▒▒▒▒
▒▒▒▒▒▒▒▒▒▒▒▒▒


You could see a jelly and an endoplasm.


Message History

You tentacle-slap the adder.
You pierce the adder, but do no damage.
You squeeze the adder, but do no damage.
The adder is severely wounded.
You constrict the adder. The adder closely misses you.
The jelly closely misses you. The endoplasm closely misses you.
You tentacle-slap the adder.
You kill the adder!
The jelly misses you. The endoplasm freezes you.
You are frozen.
* * * LOW HITPOINT WARNING * * *
The jelly attacks as you move away! The jelly barely misses you.
The endoplasm splashes around in the water.
Casting: Beastly Appendage (safe; 4% risk of failure)
Confirm with . or Enter, or press ? or * to list all spells.
Okay, then.
The jelly attacks as you move away! The jelly closely misses you.
You see here a giant cockroach corpse.
The jelly attacks as you move away! The jelly closely misses you.
Your transformation is almost over.
The jelly attacks as you move away! The jelly completely misses you.
You are no longer corroded.
The jelly hits you.
* * * LOW HITPOINT WARNING * * *
You are splashed with acid.
* * * LOW HITPOINT WARNING * * *
The jelly attacks as you move away! The jelly hits you.
* * * LOW HITPOINT WARNING * * *
The acid corrodes you!
You are splashed with acid!
You die...

Skill      XL: |  1  2  3  4  5 |
---------------+----------------+-----
Transmutations | 3 4 |  4.1
Ice Magic      | 1 3 |  3.2
Fighting       | |  1.0
Dodging        | |  2.0
Unarmed Combat | |  3.9
Spellcasting   | |  2.0

Action                   |  1- 3 |  4- 6 || total
-------------------------+-------+-------++-------
Melee: Unarmed           |    68 |    84 ||   152
       Constrict         |    19 |    23 ||    42
       Tentacles         |    11 |    19 ||    30
       Punch             |     2 |     4 ||     6
       Kick              |     3 |    18 ||    21
 Cast: Beastly Appendage |     2 |    10 ||    12
       Wereblood         |     1 |     6 ||     7
  Use: Scroll            |       |     4 ||     4
       Potion            |       |     2 ||     2
 Stab: Sleeping          |    11 |     2 ||    13
Armor: Skin              |     9 |     8 ||    17
Dodge: Dodged            |    33 |    55 ||    88

Levels and vault maps discovered:
D:1:      ncdulo_lavacross, layout_basic, ebering_ecumenical_altar_mist,
          palyth_stone_intersect
D:2:      layout_basic, serial_shops, nicolae_diamond_shop, shop,
          nicolae_shop_hallway_plus, shop, nicolae_shop_advertising_works
          [nicolae_subvault_shop_adworks]
D:3:      layout_loops_ring, mainiacjoe_overflow_24_doors,
          cheibrodos_sewer_entry_sluice, minmay_stone_trees_small
Sewer:    sewer_hellmonk_slimy_pipes

Notes
Turn   | Place    | Note
-------+----------+-------------------------------------------
     0 | D:1      | Raultor the Octopode Transmuter began the quest for the
                  | Orb.
     0 | D:1      | Reached XP level 1. HP: 13/13 MP: 3/3
    78 | D:1      | Found a faded altar of an unknown god.
   200 | D:1      | Reached XP level 2. HP: 17/18 MP: 3/5
   966 | D:2      | Reached skill level 3 in Transmutations
   966 | D:2      | Reached XP level 3. HP: 22/23 MP: 4/6
   973 | D:2      | Learned a level 2 spell: Wereblood
  1005 | D:2      | Found Xawoapli's Antique Armour Shoppe.
  1093 | D:2      | Found Migell's Distillery.
  1098 | D:2      | Bought a potion of heal wounds for 65 gold pieces
  1259 | D:2      | Reached XP level 4. HP: 28/28 MP: 7/7
  1477 | D:2      | Reached skill level 4 in Transmutations
  1526 | D:2      | Found Womojet's Book Boutique.
  1541 | D:2      | Learned a level 4 spell: Ice Form
  1566 | D:2      | Reached skill level 1 in Ice Magic
  1566 | D:2      | Reached XP level 5. HP: 30/33 MP: 4/8
  1646 | D:2      | Found Zurakehe's Antique Armour Boutique.
  1715 | D:2      | Found Diagosch's Magic Scroll Boutique.
  1722 | D:2      | Bought a scroll of identify for 20 gold pieces
  1722 | D:2      | Bought a scroll of identify for 20 gold pieces
  1722 | D:2      | Bought a scroll of teleportation for 30 gold pieces
  1892 | D:3      | Reached skill level 2 in Ice Magic
  2007 | D:3      | Found a glowing drain.
  2032 | Sewer    | Entered a sewer
  2147 | Sewer    | Reached skill level 3 in Ice Magic
  2173 | Sewer    | HP: 3/33 [jelly (2)]
  2173 | Sewer    | Splashed by a jelly's acid

Vanquished Creatures
  An orc priest (D:3)
  3 gnolls (D:2)
  8 adders
  A river rat (Sewer)
  4 worms
  A dart slug (D:1)
  2 orcs (D:3)
  3 bats
  10 endoplasms
  A giant cockroach (Sewer)
  3 goblins
  3 hobgoblins
  10 jackals (D:2)
  2 quokkas (D:2)
  9 ball pythons
  5 frilled lizards
  4 rats
70 creatures vanquished.

Table legend: (Time is in decaauts)
 A = Elapsed time spent in this place.
 B = Non-inter-level travel time spent in this place.
 C = Inter-level travel time spent in this place.
 D = Time resting spent in this place.
 E = Time spent auto-exploring this place.
 F = Levels seen in this place.
 G = Mean time per level.
                   A        B        C        D        E       F      G
               +--------+--------+--------+--------+--------+-----+--------+
         Total |   2162 |   2120 |     42 |      0 |   1482 |   4 |  540.5 |
       Dungeon |   2024 |   1982 |     42 |      0 |   1457 |   3 |  674.7 |
         Sewer |    138 |    138 |      0 |      0 |     25 |   1 |  138.0 |
               +--------+--------+--------+--------+--------+-----+--------+

Top non-repeatable levels by time:
     D:2: 947 daAuts
     D:1: 893 daAuts
     D:3: 183 daAuts
   Sewer: 138 daAuts

Table legend:
 A = Non-vault XP
 B = Vault XP
 C = Vault XP percentage of total XP
 D = Non-vault monster count
 E = Vault monster count
 F = Vault count percentage of total count
                 A         B        C        D         E       F
            +---------+---------+-------+---------+---------+-------
      Total |     226 |      89 |  28.3 |      50 |      20 |  28.6
            +---------+---------+-------+---------+---------+-------
        D:1 |      20 |       0 |   0.0 |      11 |       0 |   0.0
        D:2 |     157 |       0 |   0.0 |      35 |       0 |   0.0
        D:3 |      49 |       7 |  12.5 |       4 |       3 |  42.9
      Sewer |       0 |      82 | 100.0 |       0 |      17 | 100.0
            +---------+---------+-------+---------+---------+-------
